 Dungeon Crawl Stone Soup version 0.19.0-11-g3fc08b3 (webtiles) character file.

7976 poirepourri the Eclecticist (level 11, -7/54 HPs)
             Began as a Deep Elf Conjurer on Nov 9, 2016.
             Was a Priest of Vehumet.
             Shot with an arrow by a centaur warrior (14 damage)
             ... on level 11 of the Dungeon.
             The game lasted 00:17:19 (14822 turns).

poirepourri the Eclecticist (Deep Elf Conjurer)    Turns: 14822, Time: 00:17:19

Health: -7/54      AC: 14    Str:  5    XL:     11   Next: 3%
Magic:  28/48      EV:  7    Int: 24    God:    Vehumet [***...]
Gold:   652        SH:  0    Dex: 21    Spells: 8 memorised, 20 levels left

rFire  + . .     SeeInvis .     p - staff of power
rCold  x . .     Gourm    .     D - +5 scale mail of the Swan {rElec rN++ Dex+6}
rNeg   + + .     Faith    .     (no shield)
rPois  .         Spirit   .     (no helmet)
rElec  +         Reflect  .     (no cloak)
rCorr  .         Harm     .     (no gloves)
MR     +....                    (no boots)
Stlth  +.........               r - amulet of magic regeneration
                                h - ring of fire
                                g - +3 ring of protection

@: about to teleport
A: no striking features
a: Renounce Religion


You were on level 11 of the Dungeon.
You worshipped Vehumet.
Vehumet was most pleased with you.
You were not hungry.

You visited 2 branches of the dungeon, and saw 12 of its levels.

You collected 652 gold pieces.

Inventory:

Hand Weapons
 v - a +3 dagger of electrocution
Armour
 a - a +0 robe
 m - a +0 buckler
 D - the +5 scale mail of the Swan (worn) {rElec rN++ Dex+6}
   (You found it on level 8 of the Dungeon)

   It affects your dexterity (+6).
   It insulates you from electricity.
   It greatly protects you from negative energy.
Magical Staves
 p - an uncursed staff of power (weapon)
Jewellery
 g - a +3 ring of protection (left hand)
 h - a ring of fire (right hand)
 r - an amulet of magic regeneration (around neck)
 w - an uncursed ring of flight
 H - an uncursed ring of positive energy
Wands
 c - a wand of digging (7/24)
 j - a wand of flame (11/48)
 q - a wand of paralysis (12/24)
 y - a wand of lightning (8/15)
 G - a wand of iceblast (6/15)
Scrolls
 e - 8 scrolls of remove curse
 f - 3 scrolls of recharging
 I - a scroll of magic mapping
Potions
 d - a potion of agility {unknown}
 i - 2 potions of brilliance
 k - a potion of might
 l - 2 potions of magic
 o - a potion of beneficial mutation {unknown}
 u - a potion of haste {unknown}
 A - a potion of ambrosia {unknown}
Books
 b - a book of Conjurations

   Spells                             Type                      Level
   a - Magic Dart                     Conjuration                  1
   b - Searing Ray                    Conjuration                  2
   c - Dazzling Spray                 Conjuration/Hexes            3
   d - Fulminant Prism                Conjuration/Hexes            4
   e - Iskenderun's Mystic Blast      Conjuration                  4
   f - Iskenderun's Battlesphere      Conjuration/Charms           5
 z - a book of Misfortune

   Spells                             Type                      Level
   a - Confusing Touch                Hexes                        1
   b - Confuse                        Hexes                        3
   c - Gell's Gravitas                Hexes/Translocation          3
   d - Petrify                        Transmutation/Earth          4
   e - Metabolic Englaciation         Hexes/Ice                    5
   f - Yara's Violent Unravelling     Hexes/Transmutation          5
 B - a book of Maledictions

   Spells                             Type                      Level
   a - Corona                         Hexes                        1
   b - Ensorcelled Hibernation        Hexes/Ice                    2
   c - Confuse                        Hexes                        3
   d - Tukima's Dance                 Hexes                        3
   e - Dazzling Spray                 Conjuration/Hexes            3
Comestibles
 t - 13 fruits
 C - 9 royal jellies
 E - 2 meat rations
 F - 2 beef jerkies


   Skills:
 - Level 0.4 Short Blades
 + Level 1.4 Armour
 + Level 4.8 Dodging
 + Level 2.8 Stealth
 + Level 3.4 Shields
 * Level 16.0 Spellcasting
 + Level 10.7 Conjurations
 + Level 1.4 Fire Magic


You had 20 spell levels left.
You knew the following spells:

 Your Spells              Type           Power        Failure   Level  Hunger
a - Magic Dart            Conj           ####         1%          1    None
b - Searing Ray           Conj           ######       1%          2    None
c - Dazzling Spray        Conj/Hex       #####.       7%          3    None
d - Fulminant Prism       Conj/Hex       #####.....   32%         4    None
e - Iskenderun's Mystic   Conj           ######..     2%          4    None
f - Iskenderun's Battles  Conj/Chrm      #####...     75%         5    #......
g - Flame Tongue          Conj/Fire      #####        1%          1    None
h - Throw Flame           Conj/Fire      ######       2%          2    None


Dungeon Overview and Level Annotations

Branches:
Dungeon (11/15)            Temple (1/1) D:5            Lair (0/6) D:8
    Orc: D:9-12

Altars:
Ashenzari
Cheibriados
Dithmenos
Elyvilon
Fedhas
Gozag
Hepliaklqana
Kikubaaqudgha
Makhleb
Nemelex Xobeh
Okawaru
Qazlal
Ru
Sif Muna
Trog
Uskayaw
Vehumet
Xom
Yredelemnul
Zin
The Shining One

Shops:
D:4 =


Message History

The searing ray misses the centaur warrior.
The searing ray hits the kobold.
You kill the kobold!
Vehumet accepts your kill.
You feel your power returning.
You finish channeling your searing ray.
The centaur warrior hits you.
* * * LOW HITPOINT WARNING * * *
You feel better.
The centaur warrior hits you but does no damage.
The centaur warrior hits you!
* * * LOW HITPOINT WARNING * * *
You feel better.
The centaur warrior hits you but does no damage.
As you read the scroll of teleportation, it crumbles to dust.
You feel strangely unstable.
The centaur warrior hits you but does no damage.
The centaur warrior barely misses you.
The centaur warrior wields an uncursed shortbow.
The centaur warrior shoots an arrow.
The arrow hits you!
You die...

............#..........#
...8........#..........#
............#..........#
............#..........#
.......(....#..........#
............#..........#
........#####..........#
+######.# ............#
#@# ...........(.# #(#
.............# #c#
............# #.# # #C#
# ######)########.. #
..........(...c..8 #
.................. ..
...###...........C ..K.


You could see a centaur warrior and a cyclops.

Vanquished Creatures
  A gargoyle (D:10)
  2 centaur skeletons
  3 trolls
  Prince Ribbit (D:5)
  2 hornets
  A hippogriff (D:7)
  3 wyverns
  A steam dragon (D:8)
  2 soldier ants (D:10)
  A water moccasin (D:10)
  3 orc warriors
  3 ice beasts
  A sky beast (D:7)
  2 phantoms
  A black bear (D:10)
  A necrophage (D:6)
  The ghost of lynn the Shield-Bearer, an amateur FoFi (D:3)
  6 ogres
  6 centaurs
  2 big kobolds
  3 bullfrogs
  A gnoll sergeant (D:8)
  A water moccasin zombie (D:6)
  A wyvern skeleton (D:10)
  3 scorpions
  3 killer bees (D:10)
  3 wights (D:6)
  7 howler monkeys
  2 crimson imps
  2 bullfrog zombies (D:5)
  6 hounds
  8 orc priests
  4 orc wizards
  A bullfrog skeleton (D:7)
  4 jellies
  8 worker ants
  3 iguanas
  A hound skeleton (D:11)
  14 gnolls
  18 adders
  2 river rats (D:8)
  6 shadow imps
  An ooze (D:5)
  3 worms
  A dart slug (D:3)
  A leopard gecko (D:2)
  28 orcs
  15 bats
  4 giant cockroaches
  12 goblins
  4 hobgoblins
  4 jackals
  28 kobolds
  6 quokkas
  A ball python (D:2)
  A ball python skeleton (D:6)
  2 frilled lizards (D:2)
  A jackal skeleton (D:4)
  A jackal zombie (D:8)
  2 leopard gecko skeletons
  A quokka skeleton (D:6)
  14 rats
  A fungus (D:8)
275 creatures vanquished.

Notes
Turn   | Place    | Note
-------+----------+-------------------------------------------
     0 | D:1      | poirepourri the Deep Elf Conjurer began the quest for the Orb.
     0 | D:1      | Reached XP level 1. HP: 10/10 MP: 6/6
   529 | D:1      | Reached XP level 2. HP: 15/15 MP: 6/8
   679 | D:1      | Learned a level 2 spell: Searing Ray
   998 | D:2      | Found a shadowy altar of Dithmenos.
  1024 | D:2      | Reached skill level 5 in Conjurations
  1024 | D:2      | Reached XP level 3. HP: 19/19 MP: 6/10
  1130 | D:2      | Learned a level 3 spell: Dazzling Spray
  1806 | D:2      | Reached skill level 4 in Spellcasting
  1894 | D:3      | Noticed lynn's ghost (amateur FoFi)
  2319 | D:3      | Reached XP level 4. HP: 24/24 MP: 6/12
  2430 | D:3      | Killed lynn's ghost
  2430 | D:3      | Reached skill level 5 in Spellcasting
  2430 | D:3      | Reached XP level 5. HP: 15/28 MP: 0/14
  2881 | D:3      | Reached skill level 6 in Spellcasting
  3424 | D:3      | Learned a level 4 spell: Fulminant Prism
  3429 | D:3      | Learned a level 4 spell: Iskenderun's Mystic Blast
  3734 | D:4      | Reached XP level 6. HP: 27/32 MP: 7/17
  4129 | D:4      | Got a shimmering scale mail
  4183 | D:3      | Identified the +2 scale mail "Nevoul" {rElec rN++ Int-2} (You took it off a gnoll on level 4 of the Dungeon)
  4511 | D:4      | Reached skill level 7 in Spellcasting
  5107 | D:4      | Reached XP level 7. HP: 20/36 MP: 12/20
  5555 | D:4      | Found Bewed's Jewellery Boutique.
  5571 | D:4      | Reached skill level 8 in Spellcasting
  5971 | D:5      | Entered Level 5 of the Dungeon
  5983 | D:5      | Found a basalt altar of Yredelemnul.
  6115 | D:5      | Found a staircase to the Ecumenical Temple.
  6169 | Temple   | Entered the Ecumenical Temple
  6279 | Temple   | Became a worshipper of Vehumet
  6320 | D:5      | Learned a level 5 spell: Iskenderun's Battlesphere
  6361 | D:5      | Noticed Prince Ribbit
  6368 | D:5      | Killed Prince Ribbit
  6368 | D:5      | Reached skill level 9 in Spellcasting
  6420 | D:5      | Reached skill level 1 in Shields
  6420 | D:5      | Reached XP level 8. HP: 39/41 MP: 16/23
  6883 | D:5      | Reached skill level 10 in Spellcasting
  6923 | D:5      | Found a white marble altar of Elyvilon.
  7645 | D:6      | Reached skill level 11 in Spellcasting
  7946 | D:6      | Reached * piety under Vehumet
  7946 | D:6      | Offered knowledge of Flame Tongue by Vehumet.
  7949 | D:6      | Learned a level 1 spell: Flame Tongue
  8301 | D:6      | Reached XP level 9. HP: 32/45 MP: 26/26
  8732 | D:6      | Found a burning altar of Makhleb.
  8774 | D:7      | Reached skill level 12 in Spellcasting
  8971 | D:7      | Reached skill level 1 in Fire Magic
 10007 | D:7      | Reached skill level 13 in Spellcasting
 10325 | D:7      | Found an ancient bone altar of Kikubaaqudgha.
 10681 | D:8      | Offered knowledge of Throw Flame by Vehumet.
 10710 | D:8      | Learned a level 2 spell: Throw Flame
 10785 | D:8      | Reached ** piety under Vehumet
 10929 | D:8      | Reached XP level 10. HP: 50/50 MP: 8/29
 11311 | D:8      | Found an iron altar of Okawaru.
 11682 | D:8      | Got a distressingly furry scale mail
 11693 | D:8      | Identified the +5 scale mail of the Swan {rElec rN++ Dex+6} (You found it on level 8 of the Dungeon)
 11963 | D:8      | Found a staircase to the Lair.
 11971 | D:8      | Reached skill level 14 in Spellcasting
 12629 | D:9      | Reached skill level 10 in Conjurations
 12915 | D:10     | Entered Level 10 of the Dungeon
 12915 | D:10     | Noticed a gargoyle
 13046 | D:10     | Offered knowledge of Stone Arrow by Vehumet.
 13683 | D:10     | Reached skill level 15 in Spellcasting
 13917 | D:10     | Reached skill level 1 in Armour
 13919 | D:10     | Reached *** piety under Vehumet
 14170 | D:10     | Killed a gargoyle
 14421 | D:11     | Noticed a cyclops
 14748 | D:11     | Reached skill level 16 in Spellcasting
 14748 | D:11     | Reached XP level 11. HP: 54/54 MP: 33/33
 14800 | D:11     | Noticed a centaur warrior
 14819 | D:11     | HP: 1/54 [centaur warrior (10)]
 14822 | D:11     | Shot with an arrow by a centaur warrior

Skill      XL: |  1  2  3  4  5  6  7  8  9 10 |
---------------+-------------------------------+-----
Conjurations   | 5 6 7 8 9 10 | 10.7
Spellcasting   | 4 5 6 7 9 11 13 16 | 16.0
Dodging        | 3 4 |  4.8
Shields        | 1 2 3 |  3.4
Fire Magic     | 1 |  1.4
Armour         | 1 |  1.4
Short Blades   | |  0.4
Stealth        | |  2.8

Action                   |  1- 3 |  4- 6 |  7- 9 | 10-12 || total
-------------------------+-------+-------+-------+-------++-------
Melee: Dagger            |       |     3 |       |       ||     3
       Staff             |       |       |       |     1 ||     1
 Cast: Magic Dart        |    81 |    80 |   196 |    50 ||   407
       Searing Ray       |     2 |    19 |    34 |     5 ||    60
       Flame Tongue      |       |       |    14 |       ||    14
       Iskenderun's Batt |       |       |     2 |       ||     2
       Iskenderun's Myst |       |       |    55 |   109 ||   164
  Use: Scroll            |     3 |     5 |     8 |     4 ||    20
       Potion            |     1 |     1 |     3 |     7 ||    12
  Eat: Bread ration      |     1 |       |     3 |     3 ||     7
       Meat ration       |       |     2 |       |       ||     2
       Beef jerky        |       |       |     2 |     1 ||     3
Armor: Robe              |     5 |     9 |    17 |       ||    31
       Scale mail        |       |       |       |    20 ||    20
Dodge: Dodged            |     4 |    24 |    76 |    17 ||   121
